 Dungeon Crawl Stone Soup version 0.31-a0-150-g89dc3ad700 (webtiles) character file.

Game seed: 12001320254260674530

44 qw the Shooter (level 3, -3/22 HPs)
             Began as a Gargoyle Hunter on June 8, 2023.
             Slain by a hobgoblin (6 damage)
             ... on level 2 of the Dungeon.
             The game lasted 00:00:21 (812 turns).

qw the Shooter (Gargoyle Hunter)                     Turns: 812, Time: 00:00:21

Health: -3/22      AC:  7    Str: 14    XL:     3   Next: 62%
Magic:  3/3        EV: 11    Int:  9    God:
Gold:   79         SH:  0    Dex: 15    Spells: 2/2 levels left

rFire   . . .        Y - +0 shortbow
rCold   . . .        (shield currently unavailable)
rNeg    + . .        c - +0 leather armour
rPois   inf          (no helmet)
rElec   +            (no cloak)
rCorr   .            d - +0 pair of gloves
SInv    .            (no boots)
Will    .....        (no amulet)
Stlth   ++           (no ring)
HPRegen 0.23/turn    (no ring)
MPRegen 0.08/turn

%: no passive effects
@: no status effects
A: sickness immunity, AC +3, negative energy resistance 1, electricity
resistance, torment resistance 1, petrification resistance
a: no special abilities


You were on level 2 of the Dungeon.
You visited 1 branch of the dungeon, and saw 2 of its levels.

You collected 79 gold pieces.


Innate Abilities, Weirdness & Mutations

You are immune to sickness and miasma.
Your stone body is resilient. (AC +3)
You are immune to poison.
You resist negative energy. (rN+)
You are resistant to electric shocks. (rElec)
You are resistant to unholy torment.
You are immune to petrification.


   Skills:
 + Level 2.5 Fighting
 - Level 5.1 Ranged Weapons
 - Level 1.5 Dodging
 - Level 1.1 Stealth


You had 2 spell levels left.
You didn't know any spells.
Your spell library was empty.

Inventory:

Hand Weapons
 Y - a +0 shortbow (weapon)
Armour
 c - a +0 leather armour (worn)
 d - a +0 pair of gloves (worn)
Potions
 e - a potion of degeneration {unknown}
 f - a potion of resistance {unknown}
 g - a potion of lignification {unknown}
 h - a potion of cancellation {unknown}
 i - a potion of attraction {unknown}
 l - a potion of curing

Dungeon Overview and Level Annotations

Branches:
Dungeon (2/15)

Altars:

Annotations:
D:2 Robin


Message History

The goblin hits you with a +0 dagger.
Robin roars a battlecry!
The goblins go into a battle-frenzy!
You shoot an arrow. The arrow closely misses the goblin.
A hobgoblin comes into view.
Robin roars a battlecry!
The goblin closely misses you.
You shoot an arrow. The arrow hits the goblin.
You kill the goblin!
You shoot an arrow. The arrow barely misses the goblin.
The arrow completely misses the hobgoblin.
The arrow hits the goblin!
You kill the goblin!
A goblin comes into view. It is wielding a +0 club.
The goblin closely misses you. The goblin hits you with a +0 club.
You shoot an arrow. The arrow hits the goblin.
You kill the goblin!
A hobgoblin comes into view.
You shoot an arrow. The arrow misses the goblin.
The hobgoblin shouts!
The goblin hits you with a +0 club.
You shoot an arrow. The arrow hits the goblin.
You kill the goblin!
The hobgoblin barely misses you.
You shoot an arrow. The arrow hits Robin.
Robin is moderately wounded.
The hobgoblin hits you. Robin closely misses you.
The hobgoblin hits you but does no damage.
The hobgoblin barely misses you.
You shoot an arrow. The arrow hits Robin.
Robin is heavily wounded.
The hobgoblin hits you but does no damage.
Robin closely misses you. The hobgoblin closely misses you.
You shoot an arrow. The arrow hits Robin.
Robin is severely wounded.
Robin hits you but does no damage.
The hobgoblin hits you but does no damage. x2
You shoot an arrow. The arrow barely misses Robin.
Robin hits you with a +0 mace! The hobgoblin hits you.
You die...

############# ##
#.....<.....######...
#.#########..........
#.....#.........
...##.###.####..#
.#.#.# ##..#
......###.#.#
......g#.##.# ...
#@###.# .....ggg# #.#
.....g### #.. .....#
#.. #..)# ... #.)#
##.# ... #.


You could see Robin, 3 hobgoblins and a goblin (strong).

Vanquished Creatures
  An adder (D:2)
  A bat (D:1)
  4 endoplasms (D:1)
  8 goblins
  2 hobgoblins (D:1)
  6 jackals (D:1)
  A kobold (D:1)
  A quokka (D:1)
  A ball python (D:1)
  A frilled lizard (D:1)
  2 rats (D:1)
28 creatures vanquished.

Notes
Turn   | Place    | Note
-------+----------+-------------------------------------------
     0 | D:1      | qw the Gargoyle Hunter began the quest for the Orb.
     0 | D:1      | Reached XP level 1. HP: 12/12 MP: 1/1
     0 | D:1      | 0 ||| qw: Version: 0.2-a-119-g7aa9181
     0 | D:1      | 0 ||| qw: Game counter: 2862
     0 | D:1      | 0 ||| qw: Always use a shield: true
     0 | D:1      | 0 ||| qw: God list: Okawaru
     0 | D:1      | 0 ||| qw: Allow faded altars: false
     0 | D:1      | 0 ||| qw: Do Orc after D:15 true
     0 | D:1      | 0 ||| qw: Do second Lair branch before Depths: true
     0 | D:1      | 0 ||| qw: Lair rune preference: random
     0 | D:1      | 0 ||| qw: Plans: Normal
     0 | D:1      | 0 ||| PLANNING D:1-11
    79 | D:1      | Reached XP level 2. HP: 17/17 MP: 2/2
   705 | D:1      | Reached XP level 3. HP: 21/21 MP: 3/3
   734 | D:1      | 734 ||| UPGRADING to +0 pair of gloves.
   739 | D:1      | 739 ||| READING scroll labelled LUXTEEZ ZYTIDD.
   740 | D:1      | 740 ||| READING scroll labelled ESOSEMIUMI.
   744 | D:1      | 744 ||| READING scroll labelled COWOCKA GOLAOJ.
   745 | D:1      | 745 ||| DRINKING 2 murky cyan potions.
   746 | D:1      | 746 ||| DRINKING 2 dark potions.
   747 | D:1      | 747 ||| DROPPING scroll of butterflies.
   748 | D:1      | 748 ||| DROPPING potion of enlightenment.
   781 | D:2      | Reached skill level 5 in Ranged Weapons
   800 | D:2      | Noticed Robin
   812 | D:2      | HP: 3/22 [Robin/+0 mace (7)]
   812 | D:2      | Slain by a hobgoblin

Levels and vault maps discovered:
D:1:      shiori_arrival_oz, layout_basic, minivault_25, kennysheep_small_spiral
D:2:      layout_loops_ring, uniq_robin, uniq_terence

Skill      XL: |  1  2  3 |
---------------+----------+-----
Ranged Weapons | 5 |  5.1
Fighting       | |  2.5
Dodging        | |  1.5
Stealth        | |  1.1

Action                     || total
---------------------------++-------
   Fire: Shortbow          ||    84
    Use: Scroll            ||     3
         Potion            ||     2
 Armour: Leather armour    ||    16
  Dodge: Dodged            ||    34

Table legend:
 A = Non-vault XP
 B = Vault XP
 C = Vault XP percentage of total XP
 D = Non-vault monster count
 E = Vault monster count
 F = Vault count percentage of total count
                 A         B        C        D         E       F
            +---------+---------+-------+---------+---------+-------
      Total |      50 |      14 |  21.9 |      21 |       7 |  25.0
            +---------+---------+-------+---------+---------+-------
        D:1 |      36 |       0 |   0.0 |      20 |       0 |   0.0
        D:2 |      14 |      14 |  50.0 |       1 |       7 |  87.5
            +---------+---------+-------+---------+---------+-------
